 Dungeon Crawl Stone Soup version 0.31.0-11-ge490571c62 (webtiles) character file.

Game seed: 2919360302587718044

15 Flugkiller the Trooper (level 2, 23/27 HPs)
             Began as a Minotaur Fighter on Jan 29, 2024.
             Was a Follower of Makhleb.
             Quit the game on level 1 of the Dungeon.
             The game lasted 00:00:09 (148 turns).

Flugkiller the Trooper (Minotaur Fighter)            Turns: 148, Time: 00:00:10

Health: 23/27      AC:  7    Str: 20    XL:     2   Next: 34%
Magic:  1/1        EV:  9    Int:  5    God:    Makhleb [*.....]
Gold:   5          SH:  4    Dex:  9    Spells: 1/1 levels left

rFire   . . .        a - +0 war axe
rCold   . . .        c - +0 buckler
rNeg    . . .        b - +0 scale mail
rPois   .            (helmet restricted)
rElec   .            (no cloak)
rCorr   .            (no gloves)
SInv    .            (no boots)
Will    .....        (no amulet) Stlth
                     (no ring)
HPRegen 0.24/turn    (no ring)
MPRegen 0.07/turn

%: no passive effects
@: no status effects
A: horns 2, retaliatory headbutt
a: Renounce Religion


You were on level 1 of the Dungeon.
You worshipped Makhleb.
Makhleb was aware of your devotion.
You visited 1 branch of the dungeon, and saw 1 of its levels.

You collected 5 gold pieces.

Inventory:

Hand Weapons
 a - a +0 war axe (weapon)
Armour
 b - a +0 scale mail (worn)
 c - a +0 buckler (worn)
Potions
 d - a potion of might
 e - a potion of cancellation {unknown}


   Skills:
 * Level 4.0 Fighting
 * Level 2.9 Axes
 + Level 3.8 Armour
 + Level 3.8 Shields


You had one spell level left.
You didn't know any spells.
Your spell library was empty.

Dungeon Overview and Level Annotations

Branches:
Dungeon (1/15)

Altars:
Makhleb


Innate Abilities, Weirdness & Mutations

You have a pair of horns on your head.
You reflexively headbutt those who attack you in melee.


Message History

You hit the frilled lizard.
You kill the frilled lizard!
You hit the rat but do no damage. The rat bites you.
You closely miss the rat.
The rat bites you but does no damage. x2
You hit the rat but do no damage. You headbutt the rat, but do no damage.
The rat bites you.
A rat is nearby!
You slash the rat!
You kill the rat!
HP restored.
Found 6 stones.
No target in view!
You now have 4 gold pieces.
e - a cyan potion No target in view!
No target in view!
No target in view!
No target in view!
No target in view!
A goblin comes into view. It is wielding a +0 club.
A goblin is nearby!
A goblin is nearby!
A frilled lizard comes into view.
Found a stone staircase leading down.
The frilled lizard hisses angrily.
Found a gold piece.
Found a faded altar of an unknown god.
A hobgoblin comes into view.
Found a gold piece.
The hobgoblin shouts!
You hear a loud squeak.
The goblin hits you with a +0 club.
You closely miss the goblin. The goblin closely misses you.
You furiously retaliate!
You headbutt the goblin!
You kill the goblin!
The frilled lizard bites you but does no damage.
You barely miss the frilled lizard.
A rat comes into view.
The frilled lizard bites you.
You miss the frilled lizard.
Your headbutt misses the frilled lizard.
The frilled lizard bites you.
You slash the frilled lizard!
You kill the frilled lizard!
You block the hobgoblin's attack.
You have reached level 2!
You hit the hobgoblin but do no damage. Your headbutt misses the hobgoblin.
The hobgoblin hits you.
You slash the hobgoblin!
You kill the hobgoblin!
You barely miss the rat.
An endoplasm comes into view.
The rat bites you but does no damage.
The endoplasm quivers.
You slash the rat!
You kill the rat!
You see here a +0 club.
You slash the endoplasm!
You kill the endoplasm!
No target in view!
No target in view!
A dart slug comes into view.
You enter the shallow water.
Moving in this stuff is going to be slow.
A rat comes into view.
There is a faded altar of an unknown god here.
You see here a gold piece.
This altar belongs to (a) Makhleb, (b) Yredelemnul or (c) Okawaru, but you can't tell which.
Press the corresponding letter to learn more about a god, or press enter to convert or escape to cancel.
Okay, then.
You enter the shallow water.
Moving in this stuff is going to be slow.
The rat squeaks loudly.
You hit the dart slug but do no damage. The dart slug launches a dart at you.
The slug dart misses you. The rat bites you but does no damage.
You hit the dart slug. You headbutt the dart slug.
The dart slug is heavily wounded.
You barely miss the rat. The dart slug launches a dart at you.
The slug dart hits you but does no damage.
The rat closely misses you. You furiously retaliate!
You headbutt the rat, but do no damage. You slash the dart slug!
You kill the dart slug!
You hit the rat.
You kill the rat!
Your Fighting skill increases to level 4!
No target in view!
No target in view!
No target in view!
No target in view!
No target in view!
No target in view!
You enter the shallow water.
Moving in this stuff is going to be slow.
You now have 5 gold pieces (gained 1).
There is a faded altar of an unknown god here.
This altar belongs to (a) Makhleb, (b) Yredelemnul or (c) Okawaru, but you can't tell which.
Press the corresponding letter to learn more about a god, or press enter to convert or escape to cancel.
Makhleb accepts your prayer! Makhleb welcomes you!
You can now gain health from killing.
Are you sure you want to abandon this character and quit the game? (Confirm with "yes".)

.....# ###
.....############+#...
.....##.............#
..#####.............# #
#.#####....)........##.#
#..............>.......
#.#####.............#
#+# #######+.~~~..####
........~@~......
........~~$.#####
................
.......#.#...##.#
.......#.#####
.......... ##+###.#.##
#.#.# #. .#


There were no monsters in sight!

Vanquished Creatures
  A dart slug (D:1)
  A bat (D:1)
  An endoplasm (D:1)
  A goblin (D:1)
  A hobgoblin (D:1)
  2 jackals (D:1)
  2 frilled lizards (D:1)
  4 rats (D:1)
13 creatures vanquished.

Notes
Turn   | Place    | Note
-------+----------+-------------------------------------------
     0 | D:1      | Flugkiller the Minotaur Fighter began the quest for the
                  | Orb.
     0 | D:1      | Reached XP level 1. HP: 19/19 MP: 0/0
   122 | D:1      | Found a faded altar of an unknown god.
   128 | D:1      | Reached XP level 2. HP: 20/27 MP: 1/1
   144 | D:1      | Reached skill level 4 in Fighting
   147 | D:1      | Prayed at the altar of an unknown god.
   147 | D:1      | Became a worshipper of Makhleb the Destroyer
   147 | D:1      | Reached * piety under Makhleb
   148 | D:1      | Quit the game

Illustrated notes

Levels and vault maps discovered:
D:1:      minmay_arrival_four_circles, layout_basic,
          hellmonk_ecumenical_altar_pennies_from_heaven

Skill      XL: |  1  2 |
---------------+-------+-----
Fighting       | 4 |  4.0
Axes           | |  2.9
Armour         | |  3.8
Shields        | |  3.8

Action                     || total
---------------------------++-------
  Melee: War axe           ||    26
         Headbutt          ||     2
 Armour: Scale mail        ||    24
  Dodge: Dodged            ||     7
  Block: Buckler           ||     7
